 Dungeon Crawl Stone Soup version 0.29.1-15-g9cfb28693d (webtiles) character file.

Game seed: 3035754888852634359

102 fleeber the Slasher (level 4, -2/34 HPs)
             Began as a Merfolk Gladiator on Feb 24, 2023.
             Slain by a worm (5 damage)
             ... on level 3 of the Dungeon.
             The game lasted 00:05:56 (2062 turns).

fleeber the Slasher (Merfolk Gladiator)             Turns: 2062, Time: 00:05:56

Health: -2/34      AC:  5    Str: 14    XL:     4   Next: 78%
Magic:  5/5        EV: 14    Int:  7    God:
Gold:   122        SH:  0    Dex: 17    Spells: 5/5 levels left

rFire   . . .      SeeInvis .   p - +7 triple sword of Callousness {freeze, rC- rN++}
rCold   x . .      Faith    .   (shield currently unavailable)
rNeg    + + .      Spirit   .   b - +0 leather armour
rPois   .          Reflect  .   c - +0 helmet
rElec   .          Harm     .   m - +0 cloak
rCorr   .          Rampage  .   (no gloves)
Will    .....                   (no boots)
Stlth   ..........              (no amulet)
HPRegen 0.11/turn               (no ring)
MPRegen 0.09/turn               (no ring)

@: silenced
A: (nimble swimmer 2), mertail
a: no special abilities


You were on level 3 of the Dungeon.
You visited 1 branch of the dungeon, and saw 3 of its levels.

You collected 122 gold pieces.

Inventory:

Hand Weapons
 p - the +7 triple sword of Callousness (weapon) {freeze, rC- rN++}
   (You found it on level 2 of the Dungeon)

   It freezes those it strikes, dealing additional cold damage.
   It can also slow down cold-blooded creatures.
   rC:        It makes you vulnerable to cold.
   rN:        It greatly protects you from negative energy.
Missiles
 d - 3 throwing nets (quivered)
 e - a javelin
 k - 10 poisoned darts
Armour
 b - a +0 leather armour (worn)
 c - a +0 helmet (worn)
 m - a +0 cloak (worn)
Scrolls
 f - a scroll of blinking {unknown}
 j - a scroll of enchant weapon
 l - 2 scrolls of magic mapping
 o - 2 scrolls of teleportation {unknown}
Potions
 a - a potion of resistance {unknown}
 i - 3 potions of heal wounds {unknown}


   Skills:
 + Level 2.8 Fighting
 * Level 4.8 Long Blades
 - Level 2.0 Throwing
 + Level 4.7 Dodging
 - Level 0.2 Shields
 + Level 1.1 Spellcasting
 + Level 1.7 Transmutations


You had 5 spell levels left.
You didn't know any spells.
Your spell library contained the following spells:

 Spells                   Type           Power      Damage    Failure   Level
 Wereblood                Tmut           2%         N/A       36%         2
 Apportation              Tloc           0%         N/A       47%         1
 Necrotise                Necr           0%         1d4       47%         1
 Summon Small Mammal      Summ           0%         N/A       47%         1
 Sublimation of Blood     Necr           0%         N/A       63%         2
 Call Canine Familiar     Summ           0%         N/A       85%         3
 Summon Guardian Golem    Hex/Summ       0%         N/A       85%         3
 Summon Hydra             Summ           0%         N/A       100%        7


Dungeon Overview and Level Annotations

Branches:
Dungeon (3/15)

Altars:

Annotations:
D:3 Robin


Innate Abilities, Weirdness & Mutations

((You are very nimble when in or above water. (Stealth+, EV+, Speed+++)))
Your lower body shifts to a powerful aquatic tail in water.


Message History

The goblin no longer looks unusually strong.
The goblin hits you with a +0 club.
* * * LOW HITPOINT WARNING * * *
The worm misses you.
Robin's bangles clink loudly.
Robin roars a battlecry!
The goblin goes into a battle-frenzy!
The goblin completely misses you.
You barely miss the goblin. The goblin completely misses you.
The worm barely misses you.
You closely miss the goblin.
The hobgoblin no longer looks unusually strong.
The goblin no longer looks unusually strong.
The goblin closely misses you. The worm bites you.
* * * LOW HITPOINT WARNING * * *
The goblin barely misses you.
You hit the goblin. You freeze the goblin.
The goblin is heavily wounded.
The goblin barely misses you. The worm barely misses you.
You hit the goblin. You freeze the goblin.
You kill the goblin!
Robin throws the goblin at you!
* * * LOW HITPOINT WARNING * * *
The goblin hits you but does no damage. The goblin closely misses you.
The worm completely misses you.
As you read the scroll labelled VYSCHI HIONI, it crumbles to dust.
It is a scroll of enchant weapon.
The +0 dagger glows red for a moment.
The goblin hits you but does no damage.
Robin roars a battlecry!
The hobgoblin goes into a battle-frenzy!
The worm barely misses you.
Okay, then.
As you read the scroll labelled CIOCA XUXO, it crumbles to dust.
You feel aware of your surroundings.
You sensed 1 altar.
It was a scroll of magic mapping.
The goblin hits you with a +0 club.
* * * LOW HITPOINT WARNING * * *
As you read the scroll labelled SIOX OWKUNITS, it crumbles to dust.
A profound silence engulfs you.
It was a scroll of silence.
The goblin hits you but does no damage. The worm bites you.
You die...

,_,,,*******,*#..##^.####......#.
*,*,,,,,,,.......*#..###.##....#.
,,*,,*****..#.#.**#..........##.#
,,,,,,,,,,,.##..* #.####.##....#.
,,*,,*****,.#.#** #............#<
,**,,*****,#.** ######.#.#.#...
,,,,,,,,,*,#.* #.##.#####
,**,,*##g#§#.####### #.####....
,,,,,,...§§§gggw@g§# #.# #.###
**,,,,g..○§#○#####§# #.# #.# #
**,*,,##.*.g.* #.# #.# #.###
,,,*,,**,#.##* #.# #.# #....
***,,,**,#.* #.# #.# #.###
,,,,,,,,,#.* #.# #.# #.###
,,,,,,*###>## #.# #.# #....
*,**,,,,....# ###.# #.# #.###
*,*******#..####...#####.# #.###


You could see a worm, Robin, a hobgoblin (strong) and 2 goblins.

Vanquished Creatures
  An orc wizard (D:3)
  An adder (D:3)
  A worm (D:3)
  A dart slug (D:2)
  2 orcs (D:3)
  6 ball pythons
  5 bats
  4 endoplasms
  2 giant cockroaches
  5 hobgoblins
  4 jackals (D:2)
  A quokka (D:3)
  3 frilled lizards (D:2)
  12 goblins
  4 kobolds
  A rat (D:2)
53 creatures vanquished.

Notes
Turn   | Place    | Note
-------+----------+-------------------------------------------
     0 | D:1      | fleeber the Merfolk Gladiator began the quest for the Orb.
     0 | D:1      | Reached XP level 1. HP: 16/16 MP: 1/1
    85 | D:1      | Reached XP level 2. HP: 22/23 MP: 2/2
   596 | D:1      | Reached skill level 1 in Transmutations
   843 | D:2      | Found a faded altar of an unknown god.
   854 | D:2      | Reached XP level 3. HP: 26/28 MP: 3/3
  1537 | D:2      | Identified the +7 triple sword of Callousness {freeze, rC-
                  | rN++}
  1718 | D:3      | Reached skill level 1 in Spellcasting
  1718 | D:3      | Reached XP level 4. HP: 34/34 MP: 5/5
  2041 | D:3      | Noticed Robin
  2062 | D:3      | Slain by a worm

Illustrated notes

Levels and vault maps discovered:
D:1:      dpeg_arrival_tiny_j, layout_rooms
D:2:      kennysheep_big_flooded_room, layout_basic, basic_ecumenical_altar,
          corexii_leaking_fountain, st_stairs_9, minmay_statues_item
D:3:      layout_loops_ring, lemuel_crystal_altar, uniq_robin

Skill      XL: |  1  2  3 |
---------------+----------+-----
Long Blades    | 4 |  4.8
Transmutations | 1 |  1.7
Spellcasting   | 1 |  1.1
Fighting       | |  2.8
Throwing       | |  2.0
Dodging        | |  4.7
Shields        | |  0.2

Action                   |  1- 3 |  4- 6 || total
-------------------------+-------+-------++-------
Melee: Long sword        |    92 |       ||    92
       Punch             |     1 |       ||     1
       Triple sword      |     5 |    26 ||    31
  Use: Scroll            |       |     4 ||     4
 Stab: Sleeping          |     1 |       ||     1
Armor: Leather armour    |    34 |    15 ||    49
Dodge: Dodged            |    65 |    33 ||    98
Block: Tower shield      |    53 |       ||    53
